 Dungeon Crawl Stone Soup version 0.32-a0-128-g77eb882913 (webtiles) character file.

Game seed: 17379909430635208026

6 zeratav the Trooper (level 1, 0/23 HPs)
             Began as an Oni Warper on Feb 8, 2024.
             Slain by a hobgoblin (4 damage)
             ... on level 1 of the Dungeon.
             The game lasted 00:00:17 (103 turns).

zeratav the Trooper (Oni Warper)                     Turns: 103, Time: 00:00:17

Health: 0/23       AC:  3    Str: 14    XL:     1   Next: 90%
Magic:  3/3        EV:  9    Int: 14    God:
Gold:   29         SH:  0    Dex:  8    Spells: 4/4 levels left

rFire   . . .        a - +0 mace {mace}
rCold   . . .        (no shield)
rNeg    . . .        b - +0 robe
rPois   .            (helmet restricted)
rElec   .            (no cloak)
rCorr   .            (gloves unavailable)
SInv    .            (boots unavailable)
Will    .....        (no amulet)
Stlth   +            (no ring)
HPRegen 0.23/turn    (no ring)
MPRegen 0.08/turn

%: no passive effects
@: no status effects
A: large, unfitting armour, horns 1, tough skin 1, double potion healing,
drunken brawling
a: no special abilities


You were on level 1 of the Dungeon.
You visited 1 branch of the dungeon, and saw 1 of its levels.

You collected 29 gold pieces.


Innate Abilities, Weirdness & Mutations

You are too large for most types of armour.
You have a pair of small horns on your head.
You have tough skin. (AC +1)
You gain doubled healing and magic from potions.
Whenever you drink a healing potion, you attack all around you.


   Skills:
 + Level 3.1 Fighting
 + Level 2.3 Maces & Flails
 - Level 1.0 Throwing
 - Level 2.1 Dodging
 - Level 2.4 Spellcasting
 - Level 2.6 Translocations


You had 4 spell levels left.
You didn't know any spells.
Your spell library contained the following spells:

 Spells                   Type           Power      Damage    Failure   Level
 Blink                    Tloc           18%        N/A       12%         2
 Lesser Beckoning         Tloc           18%        N/A       12%         2
 Teleport Other           Tloc           9%         N/A       22%         3
 Volatile Blastmotes      Fire/Tloc      10%        2d10      36%         3
 Manifold Assault         Tloc           9%         N/A       58%         4
 Iskenderun's Mystic Bla  Conj/Tloc      5%         2d3       78%         4
 Vhi's Electric Charge    Tloc/Air       10%        N/A       78%         4
 Fulminant Prism          Conj/Alch      0%         3d5       92%         4

Inventory:

Hand Weapons
 a - a +0 mace (weapon) {mace}
Missiles
 d - 7 darts of dispersal (quivered) {=fthrowing}
Armour
 b - a +0 robe (worn)
Scrolls
 c - a scroll of blinking {!r}
 e - a scroll of identify {unknown}
Potions
 f - a potion of degeneration {unknown}

Dungeon Overview and Level Annotations

Branches:
Dungeon (1/15) Zot: 5891

Altars:

...............#####..
.....................#..
.................##.....
........................
.....##.#.......?.......
.....#..#...#...........
........#...#.!.........
............#....g..$..#
................@g.###.
.................†....g.
...................####.
.....................
...........####......#
.....>†....# .........
...........##.#.........
..............#.........
...........####...


You could see a gnoll and 2 hobgoblins.


Message History

You hit the bat.
You kill the bat!
Your Fighting skill increases to level 3!
HP[+1]
You now have 23 max hp (+1).
Your hp is fully restored (23).
No target in view!
No target in view!
No target in view!
A rat comes into view.
The rat squeaks loudly.
You see here 5 gold pieces.
A rat is nearby!
A rat is nearby!
A rat is nearby!
The rat bites you but does no damage.
You hit the rat.
You kill the rat!
No target in view!
No target in view!
No target in view!
No target in view!
No target in view!
No target in view!
No target in view!
No target in view!
No target in view!
No target in view!
No target in view!
No target in view!
No target in view!
No target in view!
You now have 16 gold pieces (gained 5).
There is a stone staircase leading down here.
e - a scroll labelled CEFONO SURYUJOPH You pick up a book of Blasting and begin reading...
You add the spells Volatile Blastmotes, Fulminant Prism and Iskenderun's Mystic Blast to your library.
Found a stone staircase leading down.
You now have 29 gold pieces (gained 13).
f - a puce potion A hobgoblin comes into view.
You see here a lumpy orange potion.
A hobgoblin comes into view.
A gnoll comes into view. It is wielding a +0 club.
The gnoll shouts!
The hobgoblin barely misses you.
You closely miss the hobgoblin. The hobgoblin hits you.
HP[-1]
You take 1 damage, and now have 22/23 hp.
There are monsters nearby!
You hit the hobgoblin. Your headbutt misses the hobgoblin.
The hobgoblin hits you. The hobgoblin closely misses you.
HP[-1]
You take 1 damage, and now have 21/23 hp.
You barely miss the hobgoblin. The hobgoblin closely misses you.
The hobgoblin hits you.
HP[-2]
You take 2 damage, and now have 19/23 hp.
You closely miss the hobgoblin. Your headbutt misses the hobgoblin.
The hobgoblin hits you but does no damage.
The hobgoblin hits you.
HP[-1]
You take 1 damage, and now have 18/23 hp.
You hit the hobgoblin.
You kill the hobgoblin!
The gnoll hits you with a +0 club. The hobgoblin barely misses you.
HP[-4]
You take 4 damage, and now have 14/23 hp.
You closely miss the gnoll. The gnoll hits you with a +0 club.
* * * LOW HITPOINT WARNING * * *
The hobgoblin hits you.
* * * LOW HITPOINT WARNING * * *
A hobgoblin comes into view.
The gnoll closely misses you. The hobgoblin closely misses you.
You are too injured to fight recklessly!
You are too injured to fight recklessly!
HP[-6]
You take 6 damage, and now have 8/23 hp.
MASSIVE DAMAGE!! (PAUSE)
You are too injured to fight recklessly!
You are too injured to fight recklessly!
You are too injured to fight recklessly!
You are too injured to fight recklessly!
You are too injured to fight recklessly!
You are too injured to fight recklessly!
You are too injured to fight recklessly!
You are too injured to fight recklessly!
You are too injured to fight recklessly!
You are too injured to fight recklessly!
You are too injured to fight recklessly!
You are too injured to fight recklessly!
You are too injured to fight recklessly!
You are too injured to fight recklessly!
You are too injured to fight recklessly!
You are too injured to fight recklessly!
The hobgoblin shouts!
You sock the gnoll! Your headbutt misses the gnoll.
You punch the gnoll, but do no damage. The gnoll hits you with a +0 club.
* * * LOW HITPOINT WARNING * * *
The hobgoblin hits you.
You die...

Skill      XL: |  1 |
---------------+----+-----
Fighting       | 3 |  3.1
Maces & Flails | |  2.3
Throwing       | |  1.0
Dodging        | |  2.1
Spellcasting   | |  2.4
Translocations | |  2.6

Action                     || total
---------------------------++-------
  Melee: Mace              ||    15
         Punch             ||     1
 Armour: Robe              ||    15
  Dodge: Dodged            ||     9

Levels and vault maps discovered:
D:1:      scummos_arrival_checkerplants, layout_rooms

Notes
Turn   | Place    | Note
-------+----------+-------------------------------------------
     0 | D:1      | zeratav the Oni Warper began the quest for the Orb.
     0 | D:1      | Reached XP level 1. HP: 22/22 MP: 3/3
     0 | D:1      | magus.rc [v1.9.6]
    44 | D:1      | Reached skill level 3 in Fighting
    67 | D:1      | You pick up a book of Blasting and begin reading...
    67 | D:1      | You add the spells Volatile Blastmotes, Fulminant Prism and
                  | Iskenderun's Mystic Blast to your library.
   103 | D:1      | HP: 4/23 [gnoll/+0 club (4)]
   103 | D:1      | Slain by a hobgoblin

Vanquished Creatures
  An endoplasm (D:1)
  A hobgoblin (D:1)
  A quokka (D:1)
  A bat (D:1)
  A kobold (D:1)
  A rat (D:1)
6 creatures vanquished.

Table legend:
 A = Non-vault XP
 B = Vault XP
 C = Vault XP percentage of total XP
 D = Non-vault monster count
 E = Vault monster count
 F = Vault count percentage of total count
                 A         B        C        D         E       F
            +---------+---------+-------+---------+---------+-------
      Total |       9 |       0 |   0.0 |       6 |       0 |   0.0
            +---------+---------+-------+---------+---------+-------
        D:1 |       9 |       0 |   0.0 |       6 |       0 |   0.0
            +---------+---------+-------+---------+---------+-------

Skill      XL: |  1 |
---------------+----+-----
Fighting       | 3 |  3.1
Maces & Flails | |  2.3
Throwing       | |  1.0
Dodging        | |  2.1
Spellcasting   | |  2.4
Translocations | |  2.6

Action                     || total
---------------------------++-------
  Melee: Mace              ||    15
         Punch             ||     1
 Armour: Robe              ||    15
  Dodge: Dodged            ||     9

Illustrated notes

Table legend:
 A = Kills in this place as a percentage of kills in the entire game.
 B = Kills by you in this place as a percentage of kills by you in the entire game.
 C = Kills by friends in this place as a percentage of kills by friends in the entire game.
 D = Other kills in this place as a percentage of other kills in the entire game.
 E = Experience gained in this place as a percentage of experience gained in the entire game.
 F = Experience gained in this place divided by the number of levels of this place that you have seen.
                   A       B       C       D       E      F
               +-------+-------+-------+-------+-------+----------------------
         Total | 100.0 | 100.0 |   N/A |   N/A | 100.0 |   9.0
       Dungeon | 100.0 | 100.0 |   N/A |   N/A | 100.0 |   9.0
               +-------+-------+-------+-------+-------+----------------------

Table legend: (Time is in decaauts)
 A = Elapsed time spent in this place.
 B = Non-inter-level travel time spent in this place.
 C = Inter-level travel time spent in this place.
 D = Time resting spent in this place.
 E = Time spent auto-exploring this place.
 F = Levels seen in this place.
 G = Mean time per level.
                   A        B        C        D        E       F      G
               +--------+--------+--------+--------+--------+-----+--------+
         Total |    107 |    107 |      0 |      0 |     65 |   1 |  107.0 |
       Dungeon |    107 |    107 |      0 |      0 |     65 |   1 |  107.0 |
               +--------+--------+--------+--------+--------+-----+--------+

Top non-repeatable levels by time:
     D:1: 107 daAuts
